 Dungeon Crawl Stone Soup version 0.31.0-10-gcf4a605ca0 (webtiles) character file.

Game seed: 8118472640346383458

341311 Strat the Wrestler (level 20, -30/160 (209) HPs)
             Began as a Troll Monk on Jan 25, 2024.
             Was a High Priest of Makhleb.
             Killed from afar by a shadow dragon (40 damage)
             ... with a bolt of negative energy
             ... on level 2 of the Depths.
             The game lasted 02:12:05 (30599 turns).

Strat the Wrestler (Troll Monk)                    Turns: 30599, Time: 02:12:05

HP:   -30/160 (209) AC: 24    Str: 30    XL:     20   Next: 64%
MP:   32/32         EV:  9    Int:  6    God:    Makhleb [*****.]
Gold: 2912          SH: 15    Dex: 12    Spells: 13/19 levels left

rFire   + .          .
                       - Unarmed
rCold   + . .        k - +2 kite shield {reflect}
rNeg    . . .        F - +5 swamp dragon scales
rPois   +            i - +0 mask of the Dragon {Will+ Slay+3 SInv}
rElec   .            s - +2 cloak
rCorr   .            (gloves unavailable)
SInv    +            (boots unavailable)
Will    ++...        g - amulet of Naawn {Faith rC+}
Stlth   +            u - ring of protection from fire
HPRegen 1.26/turn    W - +4 ring of protection
MPRegen 0.23/turn

%: reflection, faith
@: hasted, heavily drained, very quick
A: large, unfitting armour, claws 3, regeneration 1, shaggy fur 1, tough skin 1
}: 2/15 runes: barnacled, gossamer
a: Renounce Religion, Minor Destruction, Lesser Servant of Makhleb, Major
Destruction, Greater Servant of Makhleb


You were on level 2 of the Depths.
You worshipped Makhleb.
Makhleb was extremely pleased with you.
You visited 8 branches of the dungeon, and saw 37 of its levels.

You collected 3761 gold pieces.
You spent 849 gold pieces at shops.

Inventory:

Hand Weapons
 A - a +1 flail of protection
Missiles
 c - 40 large rocks
 f - 33 poisoned darts (quivered)
 r - 2 curare-tipped darts
 y - 12 boomerangs
 z - 8 javelins
 X - 14 silver javelins
 Z - a throwing net
Armour
 a - a +2 kite shield of cold resistance
 i - the +0 mask of the Dragon (worn) {Will+ Slay+3 SInv}
   (You found it on level 14 of the Dungeon)

   Slay+3:    It affects your accuracy & damage with ranged weapons and melee
   (+3).
   Will+:     It increases your willpower.
   SInv:      It lets you see invisible.
 k - a +2 kite shield of reflection (worn)
 s - a +2 cloak (worn)
 F - +5 swamp dragon scales (worn)
Jewellery
 g - the amulet of Naawn (around neck) {Faith rC+}
   (You acquired it on level 5 of the Dungeon)

   [amulet of faith]

   Faith:     It allows you to gain divine favour quickly.
   rC+:       It protects you from cold.
 h - a ring of flight
 j - a ring of positive energy
 m - the ring "Ismaqox" {Fly rElec rPois Int-4 SInv}
   (You took it off a frost giant on level 1 of the Depths)

   [ring of flight]

   Int-4:     It affects your intelligence (-4).
   rElec:     It insulates you from electricity.
   rPois:     It protects you from poison SInv: It lets you see invisible.
   Fly:       It grants you flight.
 q - a +4 ring of protection
 u - a ring of protection from fire (left claw)
 G - a +5 ring of evasion
 W - a +4 ring of protection (right claw)
 Y - the ring of Patience {Ice *Corrode rPois Will+ Dex+4}
   (You took it off a merfolk impaler on level 4 of the Shoals)

   [ring of ice]

   Ice:       It enhances your ice magic.
   Dex+4:     It affects your dexterity (+4).
   rF-:       It makes you vulnerable to fire.
   rC+:       It protects you from cold.
   rPois:     It protects you from poison Will+: It increases your willpower.
   *Corrode:  It may corrode you when you take damage.
Wands
 e - a wand of acid (7)
 o - a wand of roots (32)
 p - a wand of polymorph (6)
 t - a wand of mindburst (56)
 D - a wand of flame (67)
 E - a wand of charming (15)
Scrolls
 d - 2 scrolls of vulnerability
 n - 4 scrolls of immolation
 v - a scroll of silence
 w - a scroll of enchant armour
 C - a scroll of poison
 I - 6 scrolls of fog
 J - 11 scrolls of identify
 M - 2 scrolls of revelation
 V - 2 scrolls of enchant weapon
Potions
 b - 8 potions of ambrosia
 l - 5 potions of lignification
 x - 5 potions of curing
 B - 6 potions of mutation
 H - 2 potions of enlightenment
 K - 2 potions of attraction
 L - 4 potions of brilliance
 O - 3 potions of magic
 R - a potion of might
 S - a potion of cancellation
Miscellaneous
 N - a phial of floods
 P - a phantom mirror


   Skills:
 + Level 14.9 Fighting
 + Level 4.4 Throwing
 - Level 10.0 Armour
 - Level 2.4 Dodging
 - Level 15.0 Shields
 + Level 21.9 Unarmed Combat
 + Level 18.2 Invocations
 - Level 2.8 Evocations


You had 13 spell levels left.
You knew the following spells:

 Your Spells              Type           Power      Damage    Failure   Level
a - Blink                 Tloc           0%         N/A       80%         2
b - Passage of Golubria   Tloc           0%         N/A       100%        4

Your spell library contained the following spells:

 Spells                   Type           Power      Damage    Failure   Level
 Apportation              Tloc           0%         N/A       67%         1
 Foxfire                  Conj/Fire      0%         2x1d4     67%         1
 Freeze                   Ice            0%         1d3       67%         1
 Kiss of Death            Conj/Necr      0%         2d5       67%         1
 Shock                    Conj/Air       0%         1d3       67%         1
 Summon Small Mammal      Summ           0%         N/A       67%         1
 Ensorcelled Hibernation  Hex/Ice        0%         N/A       80%         2
 Jinxbite                 Hex            0%         N/A       80%         2
 Lesser Beckoning         Tloc           0%         N/A       80%         2
 Momentum Strike          Conj/Tloc      0%         3d8       80%         2
 Sublimation of Blood     Necr           0%         N/A       80%         2
 Call Canine Familiar     Summ           0%         N/A       95%         3
 Confusing Touch          Hex            0%         N/A       95%         3
 Frozen Ramparts          Ice            0%         1d1       95%         3
 Fugue of the Fallen      Necr           0%         N/A       95%         3
 Gell's Gravitas          Tloc           0%         N/A       95%         3
 Hailstorm                Conj/Ice       0%         3d5       95%         3
 Inner Flame              Hex/Fire       0%         N/A       95%         3
 Ozocubu's Armour         Ice            0%         N/A       95%         3
 Passwall                 Erth           0%         N/A       95%         3
 Summon Ice Beast         Ice/Summ       0%         N/A       95%         3
 Swiftness                Air            0%         N/A       95%         3
 Teleport Other           Tloc           0%         N/A       95%         3
 Tukima's Dance           Hex            0%         N/A       95%         3
 Airstrike                Air            0%         2d(0-16)  100%        4
 Anguish                  Hex/Necr       0%         N/A       100%        4
 Cause Fear               Hex            0%         N/A       100%        4
 Dispel Undead            Necr           0%         3d6       100%        4
 Flame Wave               Conj/Fire      0%         2d4       100%        4
 Ignite Poison            Fire/Alch      0%         N/A       100%        4
 Manifold Assault         Tloc           0%         N/A       100%        4
 Petrify                  Alch/Erth      0%         N/A       100%        4
 Sticky Flame             Fire/Alch      0%         2d4       100%        4
 Summon Blazeheart Golem  Fire/Summ      0%         N/A       100%        4
 Alistair's Intoxication  Alch           0%         N/A       100%        5
 Borgnjor's Vile Clutch   Necr/Erth      0%         N/A       100%        5
 Fireball                 Conj/Fire      0%         3d3       100%        5
 Irradiate                Conj/Alch      0%         3d11      100%        5
 Silence                  Hex/Air        0%         N/A       100%        5
 Summon Mana Viper        Hex/Summ       0%         N/A       100%        5
 Yara's Violent Unravell  Hex/Alch       0%         3d3       100%        5
 Eringya's Noxious Bog    Alch           0%         4d6       100%        6
 Plasma Beam              Fire/Air       0%         2x1d10    100%        6
 Sculpt Simulacrum        Ice/Alch       0%         N/A       100%        6
 Starburst                Conj/Fire      0%         6d3       100%        6
 Enfeeble                 Hex            0%         N/A       100%        7
 Monstrous Menagerie      Summ           0%         N/A       100%        7
 Ozocubu's Refrigeration  Ice            0%         4d7       100%        7
 Ignition                 Fire           0%         3d3       100%        8
 Lehudib's Crystal Spear  Conj/Erth      0%         10d2      100%        8
 Dragon's Call            Summ           0%         N/A       100%        9
 Polar Vortex             Ice            0%         N/A       100%        9


Dungeon Overview and Level Annotations

Branches:
Dungeon (15/15)            Temple (1/1) D:4            Lair (5/5) D:9
 Shoals (4/4) Lair:2       Spider (4/4) Lair:2        Slime (0/5) Lair:5
    Orc (2/2) D:10            Elf (0/3) Orc:2        Vaults (4/5) D:14
  Crypt (0/3) Vaults:2     Depths (2/4) D:15

Altars:
Ashenzari
Cheibriados
Dithmenos
Elyvilon
Fedhas
Gozag
Hepliaklqana
Kikubaaqudgha
Makhleb
Nemelex Xobeh
Okawaru
Qazlal
Ru
Sif Muna
Trog
Uskayaw
Vehumet
Wu Jian
Xom
Yredelemnul
Zin
The Shining One
Jiyva

Shops:
D:1 (   D:3 [   Orc:2 *([(   Shoals:1 *   Vaults:3 [   Depths:1 =   Depths:2 !

Portals:
Hell: Depths:1 Depths:2
Ziggurat: Depths:1

Annotations:
D:4 3 runed translucent doors, Grinder; scisormetimb3rs's ghost, novice GrFi
D:5 Pikel
D:14 exclusion: 2 oklob plants
Lair:3 3 runed translucent doors, howech's ghost, journeyman MiBe
Lair:5 exclusion: obsidian statue
Spider:1 Roxanne
Vaults:1 exclusion: 2 lightning spires
Vaults:3 Boris


Innate Abilities, Weirdness & Mutations

You are too large for most types of armour.
You have claws for hands.
Your natural rate of healing is unusually fast.
You are covered in fur. (AC +1)
You have tough skin. (AC +1)


Message History

Press: ? - help, Shift-Dir - straight line, f - lich
Aim: a lich (moderately damaged, fast, covered in acid)
The bolt of lightning hits the lich.
The lich is moderately damaged.
The lich barely misses you.
Unknown command.
The lich touches you!
* * * LOW HITPOINT WARNING * * *
Aiming: Major Destruction (0% risk of failure)
Press: ? - help, Shift-Dir - straight line, p - lich The bolt of acid hits the lich!!
The lich seems to be corroded for longer.
The lich is heavily damaged.
The bolt of acid hits the ettin!!
The acid corrodes the ettin!
The ettin is moderately wounded.
The bolt of acid hits the shadow dragon!!!
The acid corrodes the shadow dragon!
The shadow dragon is heavily wounded.
The bolt of acid hits the ettin!
The acid corrodes the ettin!
The ettin is moderately wounded.
The lich points at you and mumbles some strange words.
You easily resist.
Okay, then.
Aiming: Major Destruction (0% risk of failure)
Press: ? - help, Shift-Dir - straight line, f - shadow dragon
Aim: a shadow dragon (heavily wounded, covered in acid)
The bolt of magma hits the lich!
The lich is severely damaged.
The bolt of magma misses the shadow dragon.
The bolt of magma hits the ettin!!
The ettin is severely wounded.
The lich closely misses you.
Your cacodemon hits the lich!! Your cacodemon hits the lich!
The lich is destroyed!
Makhleb accepts your kill.
The shadow dragon breathes negative energy at you.
The bolt of negative energy hits your cacodemon.
Your cacodemon completely resists.
The bolt of negative energy hits you!!!
You feel drained.
You die...

....#.)...#...########
##.##.._..##.........#
....#.).).#..........#
.....................#
......###............#
.......#.............#########
..............................
........#......#####.......##
........#.....##@°.##.....##
###### #....##.....##....#
...####.# ##.#..C2(..#.§..##
.....'. .....#...D)..#.2...#.
#....#
.....#.....(.#.......iC.
##...#
......##....$.#....##'##[
)...# ...... ##...)C...### ..#
##..###...... #####..### .
#............ ...#'..


You could see a shadow dragon (catching breath, corroded, ally target), 2 ettins
and a friendly cacodemon (summoned).

Vanquished Creatures
  Xtahua (Vaults:2)
  2 caustic shrikes (Depths:2)
  A lich (Depths:2)
  A walking crystal tome (Depths:2)
  A tentacled monstrosity (Depths:2)
  A walking earthen tome (Depths:2)
  2 quicksilver dragons
  A titan (Depths:2)
  2 sphinxes (Vaults:4)
  An ancient champion (Vaults:2)
  A shadow dragon (Depths:2)
  Aizul (Vaults:2)
  Donald (Vaults:2)
  A storm dragon (Vaults:4)
  5 tengu reavers
  4 fire giants
  7 frost giants
  An emperor scorpion (Spider:4)
  16 vault wardens
  5 ghost moths
  2 spriggan defenders (Depths:2)
  20 ironbound preservers
  A broodmother (Spider:2)
  2 very ugly things (Depths:1)
  11 ironbound thunderhulks
  7 stone giants
  4 spark wasps
  7 dire elephants
  4 merfolk javelineers
  2 ettins
  2 fire dragons
  3 crystal guardians
  An entropy weaver (Vaults:1)
  An entropy weaver (shapeshifter) (D:14)
  6 merfolk impalers
  9 yaktaur captains
  2 great orbs of eyes
  A rakshasa (D:14)
  An ice dragon (Depths:1)
  2 peacekeepers
  A quicksilver dragon skeleton (Vaults:2)
  2 spriggan air magi (Depths:2)
  A hydra (D:15)
  9 vault guards
  8 two-headed ogres
  2 ogre magi
  A merfolk avatar (Shoals:3)
  9 ironbound frosthearts
  4 merfolk aquamancers (Shoals:4)
  14 centaur warriors
  5 death yaks
  4 tengu warriors
  6 boulder beetles
  3 deep troll shamans (Depths:1)
  2 demonic crawlers
  An occultist (Vaults:1)
  A spriggan berserker (Depths:1)
  Urug (D:10)
  A spectral dire elephant (Lair:5)
  A shock serpent (Vaults:1)
  A spectral death yak (Lair:5)
  19 skeletal warriors
  3 pharaoh ants
  3 skysharks
  A spectral anaconda (Lair:5)
  A goliath frog (Lair:5)
  6 sea snakes
  43 deep trolls
  A glowing orange brain (Depths:2)
  2 cherubim (Shoals:4)
  10 lindwurms
  An orb spider (Spider:4)
  6 arcanists
  9 ironbound convokers
  A deep elf zephyrmancer (Vaults:1)
  3 necromancers (Lair:5)
  8 harpies
  A deep elf archer (D:14)
  2 steelbarb worms
  7 orc knights
  14 ugly things
  12 manticores
  10 wolf spiders
  4 deep elf pyromancers
  5 cyclopes
  8 fauns
  An orc sorcerer (Orc:2)
  3 meliai
  16 elephants
  2 black mambas
  A rust devil (D:13)
  4 water nymphs
  3 merfolk sirens
  Joseph (D:10)
  2 moths of wrath
  3 torpor snails
  A frost giant skeleton (Vaults:2)
  16 vault sentinels
  Maggie (D:8)
  8 cane toads
  3 rime drakes
  A gargoyle (D:9)
  38 yaktaurs
  3 efreet
  A kobold demonologist (D:10)
  3 freezing wraiths
  An unseen horror (D:11)
  Psyche (D:8)
  9 komodo dragons
  A tengu conjurer (D:14)
  A queen bee (shapeshifter) (D:14)
  A wind drake (Shoals:3)
  8 trolls
  10 tarantellas
  A raiju (shapeshifter) (D:14)
  A polar bear (Lair:4)
  9 merfolk
  A hornet (D:9)
  2 snapping turtles (Shoals:4)
  2 raiju (Vaults:1)
  A glass eye (Depths:2)
  2 dream sheep
  9 blink frogs
  5 saltlings (Orc:2)
  Sigmund (D:6)
  14 jumping spiders
  37 slime creatures
  7 culicivoras
  4 elf skeletons (Vaults:2)
  A spriggan (shapeshifter) (D:15)
  2 air elementals (Vaults:1)
  6 wyverns
  34 yaks
  2 water elementals (Shoals:4)
  3 wraiths
  7 basilisks
  A fire elemental (Lair:2)
  24 redbacks
  2 fire bats (Lair:2)
  A steam dragon (D:8)
  2 wargs (D:10)
  2 death yak simulacra (Lair:5)
  2 spectral cane toads (Lair:5)
  4 acid dragons
  13 water moccasins
  3 elephant zombies (Lair:5)
  2 black bears
  17 orc warriors
  2 laughing skulls (D:15)
  13 wolves
  17 centaurs
  5 ogres
  An elephant skeleton (Lair:5)
  3 human skeletons (Vaults:2)
  2 lemures
  Blork the orc (D:6)
  6 kobold brigands
  2 phantoms
  A gnoll sergeant (D:12)
  2 scorpions
  14 bullfrogs
  4 cane toad simulacra (Lair:5)
  A jelly (D:7)
  12 wights
  26 killer bees
  An elephant simulacrum (Lair:5)
  2 vampire bats (Orc:1)
  4 howler monkeys
  2 bombardier beetles
  4 hounds
  A gnoll bouda (D:8)
  10 orc priests
  An iguana (D:3)
  20 orc wizards
  12 gnolls
  5 adders
  A white imp (D:5)
  A dart slug (D:5)
  A ribbon worm (D:3)
  49 orcs
  3 ball pythons
  4 endoplasms
  3 giant cockroaches
  4 goblins
  3 hobgoblins
  3 jackals (D:4)
  26 kobolds
  A quokka (D:2)
  13 bats
  3 frilled lizards
  3 rats
1059 creatures vanquished.

Vanquished Creatures (collateral kills)
  Sojobo (Vaults:2)
  Norris (Vaults:4)
  A lich (Depths:2)
  A walking earthen tome (Depths:2)
  A storm dragon (D:14)
  2 tengu reavers (Vaults:2)
  Ilsuiw (Shoals:2)
  Louise (Spider:1)
  3 emperor scorpions
  An angel (Shoals:4)
  A stone giant (Depths:2)
  A broodmother (Spider:4)
  Snorg (D:10)
  2 ettins (D:14)
  3 merfolk impalers (Shoals:4)
  A merfolk javelineer (Shoals:4)
  2 vault guards
  A rakshasa (Depths:2)
  2 hydras (D:14)
  A spriggan air mage (Depths:1)
  A radroach (Spider:4)
  2 centaur warriors (D:14)
  2 boulder beetles
  A merfolk aquamancer (Shoals:4)
  A death knight (D:14)
  An alligator snapping turtle (Shoals:4)
  A deep troll earth mage (Depths:1)
  A demonic crawler (Spider:1)
  A tengu warrior (D:14)
  An orc high priest (Orc:2)
  2 skysharks (Vaults:4)
  3 iron trolls (Depths:1)
  A sea snake (Shoals:4)
  A skeletal warrior (Vaults:2)
  3 deep trolls
  A cherub (Shoals:4)
  A flayed ghost (Depths:2)
  An ironbound convoker (Vaults:2)
  A deep elf pyromancer (D:14)
  4 orc knights (Orc:2)
  2 orc sorcerers (Orc:2)
  A steelbarb worm (Spider:1)
  6 ugly things
  3 manticores
  A merfolk siren (Shoals:2)
  4 meliai
  A vault sentinel (Vaults:4)
  A gargoyle (D:14)
  4 merfolk (Shoals:4)
  A troll (D:14)
  A blink frog (shapeshifter) (D:14)
  7 tarantellas
  A dream sheep (Shoals:4)
  A snapping turtle (Shoals:4)
  10 jumping spiders
  A slime creature (D:14)
  4 culicivoras
  A wyvern (D:10)
  5 water elementals (Shoals:4)
  Grum (Lair:1)
  A warg (Orc:2)
  6 redbacks
  A basilisk (D:14)
  2 orc warriors (Orc:2)
  A wight (D:10)
  15 killer bees (D:14)
  An orc priest (Orc:2)
  4 orcs (Orc:2)
145 creatures vanquished.

Vanquished Creatures (others)
  A merfolk impaler (Shoals:2)
  An orc wizard (D:9)
2 creatures vanquished.

Grand Total: 1206 creatures vanquished

Notes
Turn   | Place    | Note
-------+----------+-------------------------------------------
     0 | D:1      | Strat the Troll Monk began the quest for the Orb.
     0 | D:1      | Reached XP level 1. HP: 22/22 MP: 0/0
   162 | D:1      | Reached XP level 2. HP: 29/29 MP: 1/1
   509 | D:1      | Found Kuyxzius's Antique Weapon Boutique.
   790 | D:2      | Reached skill level 4 in Unarmed Combat
   934 | D:2      | You fall into a shaft and drop 1 floor!
   976 | D:3      | Reached XP level 3. HP: 35/36 MP: 2/2
  1205 | D:3      | Reached skill level 5 in Unarmed Combat
  1205 | D:3      | Reached XP level 4. HP: 28/44 MP: 3/3
  1263 | D:3      | Found an opulent altar of Gozag.
  1263 | D:3      | Found a shimmering altar of Xom.
  1341 | D:3      | Reached XP level 5. HP: 43/50 MP: 4/4
  1391 | D:3      | Found Jenut's Antique Armour Emporium.
  1399 | D:3      | Bought a cloak for 99 gold pieces
  1412 | D:3      | Found a white marble altar of Elyvilon.
  1456 | D:4      | Found a staircase to the Ecumenical Temple.
  1561 | D:3      | Reached skill level 6 in Unarmed Combat
  1644 | Temple   | Entered the Ecumenical Temple
  1657 | Temple   | Became a worshipper of Makhleb the Destroyer
  1657 | Temple   | Reached * piety under Makhleb
  1657 | Temple   | Reached ** piety under Makhleb
  1722 | D:4      | Found a shadowy altar of Dithmenos.
  1741 | D:4      | Noticed Grinder
  1749 | D:4      | Paralysed by Grinder for 2 turns
  1763 | D:5      | Entered Level 5 of the Dungeon
  1821 | D:5      | Reached XP level 6. HP: 59/59 MP: 5/5
  1839 | D:5      | Identified a scroll of acquirement
  1839 | D:5      | Acquired the amulet of Naawn {Faith rC+}
  1937 | D:5      | Reached skill level 1 in Invocations
  1999 | D:5      | Found a radiant altar of Vehumet.
  2044 | D:5      | Noticed Pikel
  2066 | D:6      | Reached skill level 7 in Unarmed Combat
  2133 | D:5      | Reached XP level 7. HP: 67/67 MP: 7/7
  2184 | D:4      | Found a runed translucent gate.
  2184 | D:4      | Found a runed translucent gate.
  2190 | D:4      | Found a runed translucent gate.
  2214 | D:4      | Noticed scisormetimb3rs's ghost (novice GrFi)
  2423 | D:6      | Noticed Sigmund
  2433 | D:6      | Killed Sigmund
  2582 | D:6      | Found a glowing golden altar of the Shining One.
  2660 | D:6      | Reached skill level 1 in Shields
  2663 | D:6      | Reached skill level 8 in Unarmed Combat
  2673 | D:6      | Reached XP level 8. HP: 78/78 MP: 9/9
  2990 | D:6      | Noticed Blork the orc
  2999 | D:6      | Killed Blork the orc
  3492 | D:7      | Reached *** piety under Makhleb
  3498 | D:7      | Reached skill level 9 in Unarmed Combat
  3689 | D:7      | Reached XP level 9. HP: 87/87 MP: 10/10
  3751 | D:8      | Noticed Maggie
  3855 | D:8      | Reached skill level 5 in Fighting
  3855 | D:8      | Reached skill level 5 in Shields
  3881 | D:8      | Noticed Psyche
  3886 | D:8      | Killed Psyche
  3983 | D:8      | Reached skill level 10 in Unarmed Combat
  4404 | D:8      | Killed Maggie
  4502 | D:8      | Reached **** piety under Makhleb
  4851 | D:9      | Noticed a two-headed ogre
  4858 | D:9      | Killed a two-headed ogre
  4859 | D:9      | Reached skill level 11 in Unarmed Combat
  4859 | D:9      | Reached XP level 10. HP: 98/98 MP: 12/12
  5045 | D:9      | Reached skill level 5 in Invocations
  5068 | D:9      | Learned a level 2 spell: Blink
  5081 | D:9      | Noticed a gargoyle
  5085 | D:9      | Killed a gargoyle
  5357 | D:9      | Found a staircase to the Lair.
  5563 | Lair:1   | Entered Level 1 of the Lair of Beasts
  5596 | Lair:1   | Noticed a torpor snail
  5600 | Lair:1   | Noticed a torpor snail
  5619 | D:9      | Killed a torpor snail
  5625 | D:9      | Reached skill level 12 in Unarmed Combat
  5682 | D:9      | Killed a torpor snail
  5696 | Lair:1   | Reached ***** piety under Makhleb
  5736 | Lair:1   | Reached XP level 11. HP: 90/107 MP: 14/14
  5969 | Lair:1   | Found a sparkling altar of Nemelex Xobeh.
  6015 | Lair:1   | Noticed Grum
  6041 | Lair:1   | Killed Grum
  6498 | Lair:2   | Reached skill level 13 in Unarmed Combat
  6528 | Lair:2   | Reached skill level 10 in Shields
  6814 | Lair:2   | Reached XP level 12. HP: 117/119 MP: 16/16
  6945 | Lair:2   | Reached skill level 14 in Unarmed Combat
  7066 | Lair:2   | Found a staircase to the Shoals.
  7295 | Lair:2   | Found a hole to the Spider Nest.
  7543 | Lair:3   | Found a runed translucent gate.
  7544 | Lair:3   | Found a runed translucent gate.
  7545 | Lair:3   | Found a runed translucent gate.
  7547 | Lair:3   | Noticed howech's ghost (journeyman MiBe)
  8497 | Lair:4   | Noticed a six-headed hydra
  8524 | Lair:5   | Entered Level 5 of the Lair of Beasts
  8642 | Lair:5   | Noticed a death yak
  8667 | Lair:5   | Killed a death yak
  8754 | Lair:5   | Reached skill level 15 in Unarmed Combat
  8786 | Lair:5   | Reached ****** piety under Makhleb
  8841 | Lair:5   | Reached XP level 13. HP: 117/131 MP: 18/18
  8950 | Lair:5   | Found a viscous altar of Jiyva.
  8950 | Lair:5   | Found a staircase to the Slime Pits.
  9056 | Lair:5   | Noticed a dire elephant
  9056 | Lair:5   | Noticed a dire elephant
  9056 | Lair:5   | Noticed a dire elephant
  9477 | Lair:5   | Killed a dire elephant
  9770 | Lair:5   | Killed a dire elephant
  9785 | Lair:5   | Killed a dire elephant
 10720 | D:10     | Entered Level 10 of the Dungeon
 10769 | D:10     | Found a staircase to the Orcish Mines.
 10820 | D:10     | Reached skill level 16 in Unarmed Combat
 10985 | D:10     | Noticed Joseph
 10986 | D:10     | Noticed Snorg
 11074 | D:10     | Killed Snorg
 11126 | D:10     | Found an iron altar of Okawaru.
 11221 | D:10     | Killed Joseph
 11282 | D:10     | Found an ornate altar of the Wu Jian Council.
 11376 | D:10     | Noticed Urug
 11387 | D:10     | Killed Urug
 11441 | D:11     | Identified the +1 robe of Tulips {^Contam Str+6}
 11472 | Orc:1    | Entered Level 1 of the Orcish Mines
 12687 | D:12     | Found a shimmering blue altar of Sif Muna.
 12733 | D:12     | Reached skill level 10 in Fighting
 12882 | D:11     | Reached skill level 10 in Invocations
 12882 | D:11     | Reached XP level 14. HP: 121/143 MP: 20/20
 13947 | Orc:2    | Entered Level 2 of the Orcish Mines
 13949 | Orc:2    | Found a staircase to the Elven Halls.
 14280 | Orc:1    | You fall into a shaft and drop 1 floor!
 14586 | Orc:2    | Reached skill level 17 in Unarmed Combat
 14866 | Orc:2    | Found Avvimaji's Antique Weapon Shoppe.
 14868 | Orc:2    | Found Zurghosch's General Store.
 14966 | Orc:2    | Found Kil Uvuryu's Antique Weapon Boutique.
 15163 | Orc:2    | Found Deucoo's Armour Shoppe.
 15923 | D:13     | Found a burning altar of Makhleb.
 16398 | D:14     | Reached skill level 18 in Unarmed Combat
 16641 | D:14     | Reached XP level 15. HP: 106/149 MP: 22/22
 17041 | D:14     | Reached skill level 1 in Armour
 17096 | D:14     | Noticed a storm dragon
 17123 | D:14     | Killed a storm dragon
 17596 | D:14     | Found the +0 mask of the Dragon {Will+ Slay+3 SInv}
 17815 | D:15     | Entered Level 15 of the Dungeon
 18276 | D:15     | Found a stormy altar of Qazlal.
 18618 | D:15     | Found a staircase to the Depths.
 18618 | D:15     | Noticed a fire giant
 19104 | Spider:1 | Entered Level 1 of the Spider Nest
 19116 | Spider:1 | Noticed an emperor scorpion
 19126 | Spider:1 | Killed an emperor scorpion
 19141 | Spider:1 | Noticed Roxanne
 19181 | Spider:1 | Noticed Louise
 19186 | Spider:1 | Killed Louise
 19187 | Spider:1 | Reached skill level 5 in Armour
 19305 | Spider:2 | Reached XP level 16. HP: 153/163 MP: 1/24
 19657 | Spider:3 | Identified the +0 cloak "Lushro" {+Blink rElec rPois Dex-3}
 19777 | Spider:4 | Entered Level 4 of the Spider Nest
 19986 | Spider:4 | Found a glacial archway.
 20597 | Spider:4 | Got a milky-white gem with 997 turns to spare
 20602 | Spider:4 | Got a gossamer rune of Zot
 20907 | Shoals:1 | Entered Level 1 of the Shoals
 20916 | Shoals:1 | Found Deveel's Gadget Gallery.
 21008 | Shoals:2 | Noticed Ilsuiw
 21040 | Shoals:2 | Killed Ilsuiw
 21290 | Shoals:4 | Entered Level 4 of the Shoals
 21416 | Shoals:3 | Reached skill level 19 in Unarmed Combat
 21421 | Shoals:3 | Reached XP level 17. HP: 175/175 MP: 26/26
 21731 | Shoals:4 | Found a white marble altar of Elyvilon.
 21747 | Shoals:4 | Identified the ring of Patience {Ice *Corrode rPois Will+
                  | Dex+4}
 21755 | Shoals:4 | Identified the +0 ring mail "Xifeer" {rF+ rCorr Int+2
                  | Stlth-}
 21863 | Shoals:4 | Got Zeabiag's Catalogue of the Unfortunate Pyromaniac
 21885 | Shoals:4 | Found a glowing silver altar of Zin.
 21995 | Shoals:4 | Got an azure gem with 781 turns to spare
 21997 | Shoals:4 | Got a barnacled rune of Zot
 22049 | Shoals:4 | Found a glowing golden altar of the Shining One.
 22082 | Shoals:4 | Identified the +8 chain mail "Vibyul" {Regen+ Int+5 Stlth+}
 22565 | D:14     | Found a gate to the Vaults.
 22582 | Vaults:1 | Entered Level 1 of the Vaults
 23536 | Vaults:1 | Reached XP level 18. HP: 154/184 MP: 27/27
 23696 | Vaults:1 | Paralysed by an air elemental for 1 turns
 23701 | Vaults:1 | Paralysed by an air elemental for 1 turns
 23712 | Vaults:1 | Paralysed by an air elemental for 1 turns
 23822 | Vaults:1 | Reached skill level 20 in Unarmed Combat
 24134 | Vaults:1 | Reached skill level 10 in Armour
 24236 | Vaults:2 | Reached skill level 15 in Invocations
 24275 | Vaults:2 | Reached skill level 15 in Shields
 24506 | Vaults:2 | Noticed Xtahua
 24523 | Vaults:2 | Killed Xtahua
 24710 | Vaults:2 | Identified the serpent talisman of the Apothecary {Fly
                  | Will+}
 24710 | Vaults:2 | Noticed Aizul
 24725 | Vaults:2 | Killed Aizul
 24992 | Vaults:2 | Noticed Sojobo
 25002 | Vaults:2 | Killed Sojobo
 25492 | Vaults:2 | Learned a level 4 spell: Passage of Golubria
 25499 | Vaults:2 | Noticed Donald
 25509 | Vaults:2 | Killed Donald
 25839 | Vaults:2 | Found a staircase to the Crypt.
 26037 | Vaults:3 | Reached XP level 19. HP: 155/193 MP: 30/30
 26217 | Vaults:3 | Found Duish's Antique Armour Emporium.
 26226 | Vaults:3 | Bought a glowing cloak for 375 gold pieces
 26463 | Vaults:3 | Noticed Boris
 27358 | Vaults:4 | Reached skill level 21 in Unarmed Combat
 27786 | Vaults:4 | Noticed Norris
 27815 | Vaults:4 | Reached skill level 1 in Evocations
 27943 | Vaults:4 | Killed Norris
 28775 | Depths:1 | Entered Level 1 of the Depths
 28824 | Depths:1 | Reached XP level 20. HP: 208/208 MP: 31/31
 28983 | Depths:1 | Identified the +0 quarterstaff of Purpose {vamp, ^Fragile
                  | rElec rF+}
 28991 | Depths:1 | Found a gateway to Hell.
 29027 | Depths:1 | Found an ornate altar of the Wu Jian Council.
 29100 | Depths:1 | Found Saweifedwi's Jewellery Shop.
 29142 | Depths:1 | Reached skill level 1 in Throwing
 29196 | Depths:1 | Identified the ring "Ismaqox" {Fly rElec rPois Int-4 SInv}
 29225 | Depths:1 | Found a shimmering altar of Xom.
 29451 | Depths:1 | Found a one-way gateway to a ziggurat.
 29513 | Depths:2 | Found Wubruod's Distillery.
 29564 | Depths:2 | Noticed a caustic shrike
 29580 | Depths:2 | Killed a caustic shrike
 29662 | Depths:2 | Noticed a caustic shrike
 29681 | Depths:2 | Killed a caustic shrike
 30458 | Depths:2 | Bought a potion of haste for 150 gold pieces
 30458 | Depths:2 | Bought a potion of curing for 45 gold pieces
 30458 | Depths:2 | Bought a potion of magic for 120 gold pieces
 30458 | Depths:2 | Bought a potion of might for 60 gold pieces
 30483 | Depths:2 | Found an iron altar of Okawaru.
 30599 | Depths:2 | Killed from afar by a shadow dragon

Illustrated notes

Levels and vault maps discovered:
D:1:      ldierk_walled_garden, layout_basic, serial_shops,
          nicolae_shop_tiny_waterfront, chequers_big_river
D:2:      layout_loops_corners, minivault_14
D:3:      layout_basic, gammafunk_temple_overflow_statue, elyvilon_altar_5,
          serial_corexii_hall, chequers_hall_statues_wall_a,
          corexii_hall_statues_deadend, serial_shops,
          nicolae_shop_rolling_square
D:4:      layout_cave_pools, nicolae_dithmenos_shadow_blocks,
          minmay_temple_entry_statues, biasface_ghost_orc_armoury, uniq_grinder
D:5:      layout_cave_pools, mainiacjoe_overflow_concentric_impassable,
          uniq_pikel
D:6:      layout_loops_ring, general_overflow_altar,
          mainiacjoe_sewer_entry_somewhere_in_here_2, serial_co_window_serial,
          co_window_corner_a, co_window_of_opportunity_a, co_window_cross_1,
          co_window_paths_a, co_window_paths_a, co_window_corner_a,
          co_window_corner_a, co_window_broadway_a, co_window_of_opportunity_b,
          co_window_of_opportunity_b, co_window_corner_b, co_window_corner_cb,
          co_window_of_opportunity_c, co_window_of_opportunity_b,
          co_window_paths_e, co_window_4corner_a, glass_columns_a,
          glass_columns_a, uniq_sigmund, uniq_blork_the_orc
D:7:      layout_gridville
D:8:      layout_loops_corners, minmay_misc_feat_nine_boxes, uniq_maggie,
          uniq_psyche
D:9:      minmay_distorted_concentric_squares, layout_loops_cross,
          david_lair_shrubbed
D:10:     layout_cave_pools, amcnicky_altar_gilded, marbit_many_paths,
          david_orc_3, dreamdust_wishing_well, uniq_snorg, uniq_joseph,
          uniq_urug
D:11:     layout_layer_cave
D:12:     layout_long_grid, lemuel_blue_sif_altar
D:13:     layout_roguey, serial_glass, glass_columns_c, glass_columns_a,
          glass_columns_a, glass_columns_c, glass_columns_a, glass_columns_c,
          glass_columns_a, glass_columns_a, due_unseen_surprise,
          item_on_display_a, demons_altar
D:14:     hangedman_what_comes_after_a, layout_loops_ring, david_vaults_4,
          minmay_misc_feat_pillars, evilmike_minifort
D:15:     grunt_enter_depths_giant_problem, layout_layer_cave,
          grunt_qazlal_clouds
Temple:   nicolae_temple_superstar
Lair:1:   layout_cave_pods, basic_altar, grunt_megastairs_3, uniq_grum
Lair:2:   layout_gridlike, minmay_shoals_entry_lonely_mermaid,
          spider_nest_entry_funnel_web
Lair:3:   layout_roguey, gammafunk_ghost_necromancy, serial_bayou_shore_b
Lair:4:   cheibrodos_lair_river_kwai, layout_big_grid, grunt_megastairs_2
Lair:5:   due_jungle_book, layout_concentric_octagons, slime_entry_1,
          hellmonk_talismancer
Shoals:1: nicolae_shoals_aurelia_aurita, layout_shoals, nicolae_shop_gadgets
Shoals:2: layout_shoals, serial_shops, bzr_entry_safe, uniq_ilsuiw
Shoals:3: layout_shoals
Shoals:4: shoals_end_hellmonk_holy_island
Spider:1: layout_cave_pods, uniq_asterion, uniq_roxanne, uniq_louise, uniq_kirke
Spider:2: layout_spider_delve
Spider:3: layout_spider_delve, hangedman_spider_tarantella_strand
Spider:4: grunt_spider_rune_parallel, portal_ice_cave_entry_pillars_four
Orc:1:    layout_caves, nicolae_orc_pool_cavern, roderic_batcave
Orc:2:    hellmonk_orc_salted, layout_caves
Vaults:1: nicolae_vaults_storage_closets_2, nicolae_vaults_mini_display_case,
          nicolae_vaults_more_shelving_1, hangedman_vaults_maws,
          vaults_room_pool, nicolae_vaults_closet_pinwheel_6,
          hangedman_vaults_capsules, nicolae_vaults_little_squares_5,
          nicolae_vaults_circle_grid_b, nicolae_vaults_house_2,
          layout_vaults_omnicross, serial_magic_research,
          hangedman_research_quantum, hangedman_research_electronics
Vaults:2: nicolae_vaults_triangles, nicolae_vaults_shipping_containers_1,
          v_alt_pattern_2, minmay_crypt_entry_skeletal_spiral,
          hangedman_vaults_trim, nicolae_vaults_little_squares_5,
          nicolae_vaults_house_3, hangedman_vaults_restitches,
          vaults_standard_mumra_x, layout_vaults_big_room, uniq_aizul,
          uniq_xtahua, uniq_donald, uniq_sojobo
Vaults:3: nicolae_vaults_network_periphery, hangedman_vaults_river_flow,
          serial_library_hellmonk_big_corner, v_misc_24, grunt_vaults_swirl,
          v_misc_30, nicolae_vaults_network_quinsquares
          [nicolae_vaults_network_quincunx_subvault,
          nicolae_vaults_network_quincunx_subvault,
          nicolae_vaults_network_quincunx_subvault,
          nicolae_vaults_network_quincunx_subvault], nicolae_vaults_trapezoid_3,
          v_misc_29, vaults_room_fancy_cross, nicolae_vaults_little_squares_6,
          layout_vaults_maze, serial_shops, nicolae_lakefront_shop, uniq_boris
Vaults:4: nicolae_vaults_prndl, nicolae_vaults_puzzle_piece, v_misc_32,
          nicolae_vaults_turnstiles, hangedman_vaults_maws,
          nicolae_vaults_house_1, vaults_room_pools, nicolae_vaults_meeting,
          grunt_vaults_hallway_short, nicolae_vaults_trapezoid_layered,
          vaults_room_corners, nicolae_vaults_sealed_display,
          layout_vaults_omnibox, uniq_norris
Depths:1: layout_twisted_cross, enter_ziggurat_d, hell_entry,
          nzn_wu_jian_council_hall, brannock_xom_greatest_gift,
          grunt_megastairs_5, minmay_shop_star
Depths:2: minmay_central_circle, layout_gridville, rand_demon_pan_entry_4,
          serial_shops, shop, shop, nicolae_inconvenience_store,
          nicolae_shop_advertising_works [nicolae_subvault_shop_adworks],
          nicolae_stop_n_shop_1, hell_entry, okawaru_ov_weapons_minmay,
          kennysheep_generic_room_14, infiniplex_staircase_pillars_1

Skill      XL: |  1  2  3  4  5  6  7  8  9 10 11 12 13 14 15 16 17 18 19 20 |
---------------+-------------------------------------------------------------+-----
Unarmed Combat | 4 5 6 7 8 9 11 12 13 15 16 18 19 20 21 | 21.9
Invocations    | 1 3 4 6 7 8 10 11 12 13 14 16 17 18 | 18.2
Fighting       | 3 4 6 7 9 10 11 12 13 14 | 14.9
Shields        | 1 4 7 8 10 11 13 14 15 | 15.0
Armour         | 5 7 9 10 | 10.0
Evocations     | 2 |  2.8
Throwing       | 4 |  4.4
Dodging        | |  2.4

Action                     |  1- 3 |  4- 6 |  7- 9 | 10-12 | 13-15 | 16-18 | 19-21 || total
---------------------------+-------+-------+-------+-------+-------+-------+-------++-------
  Melee: Unarmed           |    68 |    92 |   201 |   566 |  1059 |  1286 |   738 ||  4010
 Invoke: Minor Destruction |       |       |       |     1 |     5 |       |       ||     6
         Lesser Servant of |       |       |       |     3 |    13 |    10 |     5 ||    31
         Major Destruction |       |       |       |       |    14 |       |     5 ||    19
         Greater Servant o |       |       |       |       |     9 |    13 |    16 ||    38
  Evoke: Wand              |       |       |     9 |    10 |     4 |     5 |       ||    28
    Use: Scroll            |       |     4 |    10 |    10 |    15 |    13 |     3 ||    55
         Potion            |       |       |     4 |     1 |    11 |     8 |     7 ||    31
   Stab: Distracted        |       |       |       |     1 |     4 |     7 |     9 ||    21
         Invisible         |       |       |       |       |     2 |       |       ||     2
 Armour: Robe              |    53 |    59 |   105 |       |       |       |       ||   217
         Swamp dragon scal |       |       |    19 |   292 |   592 |   786 |   495 ||  2184
  Dodge: Dodged            |    41 |    38 |    86 |   239 |   405 |   424 |   149 ||  1382
  Block: Kite shield       |       |       |    20 |   374 |   721 |   823 |   380 ||  2318
         Reflection        |       |       |       |       |       |       |    13 ||    13
